 Dungeon Crawl Stone Soup version 0.30.0-29-ga12c61a403 (webtiles) character file.

Game seed: 17195451965370006098

4557 McKennaii the Fighter (level 10, -17/80 HPs)
             Began as a Demonspawn Fighter on June 4, 2023.
             Was a Priest of Qazlal.
             Killed from afar by an acid dragon (32 damage)
             ... with a splash of acid
             ... on level 8 of the Dungeon.
             The game lasted 00:07:44 (8029 turns).

McKennaii the Fighter (Demonspawn Fighter)          Turns: 8029, Time: 00:07:45

Health: -17/80     AC: 10    Str: 20    XL:     10   Next: 18%
Magic:  19/19      EV:  9    Int: 11    God:    Qazlal [***...]
Gold:   528        SH:  9    Dex: 12    Spells: 9/9 levels left

rFire   . . .        a - +0 trident
rCold   + . .        c - +0 buckler
rNeg    + . .        b - +0 scale mail
rPois   .            (helmet restricted)
rElec   .            x - +0 cloak
rCorr   .            (no gloves)
SInv    .            h - +0 pair of boots
Will    .....        (no amulet) Stlth
                     w - ring of positive energy
HPRegen 0.33/turn    i - ring of magical power
MPRegen 0.32/turn

%: no passive effects
@: corroded
A: horns 2, icy blue scales 3, magic regeneration
a: Renounce Religion, Upheaval, Elemental Force


You were on level 8 of the Dungeon.
You worshipped Qazlal.
Qazlal was most pleased with you.
You visited 1 branch of the dungeon, and saw 8 of its levels.
You also visited: Ossuary.

You collected 528 gold pieces.

Inventory:

Hand Weapons
 a - a +0 trident (weapon)
Missiles
 u - 3 throwing nets (quivered)
Armour
 b - a +0 scale mail (worn)
 c - a +0 buckler (worn)
 h - a +0 pair of boots (worn)
 x - a +0 cloak (worn)
Jewellery
 i - a ring of magical power (right hand)
 l - a ring of fire
 w - a ring of positive energy (left hand)
Scrolls
 k - 4 scrolls of teleportation
 o - 3 scrolls of fear
 r - a scroll of immolation
 s - a scroll of amnesia
 v - 2 scrolls of magic mapping
 y - a scroll of enchant armour
 z - 4 scrolls of identify
 B - 4 scrolls of enchant weapon {unknown}
 C - a scroll of fog {unknown}
Potions
 d - 3 potions of might
 e - 3 potions of lignification {unknown}
 f - a potion of brilliance {unknown}
 g - 4 potions of mutation {unknown}
 j - 2 potions of magic {unknown}
 m - 5 potions of curing
 n - a potion of heal wounds {unknown}
 p - 2 potions of attraction {unknown}
 q - 4 potions of cancellation {unknown}
 t - 3 potions of haste {unknown}
 A - 2 potions of invisibility {unknown}


   Skills:
 + Level 8.1 Fighting
 + Level 7.1 Polearms
 + Level 7.3 Armour
 + Level 7.3 Shields


You had 9 spell levels left.
You didn't know any spells.
Your spell library contained the following spells:

 Spells                   Type           Power      Damage    Failure   Level
 Ozocubu's Armour         Ice            0%         N/A       97%         3
 Stone Arrow              Conj/Erth      0%         3d7       97%         3
 Leda's Liquefaction      Hex/Erth       0%         N/A       100%        4
 Fireball                 Conj/Fire      0%         3d3       100%        5
 Iskenderun's Battlesphe  Conj           0%         2d6       100%        5
 Conjure Ball Lightning   Conj/Air       0%         3x3d6     100%        6
 Simulacrum               Ice/Necr       0%         N/A       100%        6
 Statue Form              Tmut/Erth      0%         N/A       100%        6
 Orb of Destruction       Conj           0%         9d5       100%        7
 Ozocubu's Refrigeration  Ice            0%         4d7       100%        7


Dungeon Overview and Level Annotations

Branches:
Dungeon (8/15)             Temple (0/1) D:7         Ossuary (visited)
   Lair: D:8-11

Altars:
Hepliaklqana
Makhleb
Qazlal
Ru
Xom


Innate Abilities, Weirdness & Mutations

You have a pair of horns on your head.
You are completely covered in icy blue scales. (AC +4, rC+)
You regenerate magic rapidly.


Message History

Aim: an acid dragon (lightly wounded, about 36% to evade your +0 trident)
You barely miss the acid dragon.
The acid dragon is lightly wounded.
The acid dragon spits acid at you. The splash of acid hits you!
* * * LOW HITPOINT WARNING * * *
The acid corrodes you!
You hit the acid dragon.
You headbutt the acid dragon, but do no damage.
The acid dragon is lightly wounded.
The acid dragon bites you but does no damage.
You block the acid dragon's attack.
Unknown command.
You hit the acid dragon.
The acid dragon is moderately wounded.
The acid dragon bites you.
* * * LOW HITPOINT WARNING * * *
The acid dragon claws you.
* * * LOW HITPOINT WARNING * * *
Unknown command.
You feel better. You block the acid dragon's attack.
The acid dragon claws you but does no damage.
You barely miss the acid dragon. Your headbutt misses the acid dragon.
The acid dragon is moderately wounded.
The acid dragon misses you.
The acid dragon claws you but does no damage.
You hit the acid dragon.
The acid dragon is moderately wounded.
The acid dragon bites you.
* * * LOW HITPOINT WARNING * * *
The acid dragon barely misses you.
You barely miss the acid dragon.
The acid dragon is moderately wounded.
You block the acid dragon's attack.
The acid dragon claws you but does no damage.
You hit the acid dragon but do no damage.
The acid dragon is moderately wounded.
The acid dragon spits acid at you. The splash of acid hits you!!
You die...

#.# #.# ### #.# ##+#
#.. ... #...# #.#
#.# ....?# #.###.#
......# #..##†#
.......####...#.#
.......D@.......##.#
.......####........#
......# ##.#.#####
.....# ###.# #...#
#.# ##+# #.# # #.
#.# .###.## #.# #
.....# #.#


You could see an acid dragon (catching breath).

Vanquished Creatures
  2 hornets (D:8)
  A wraith (D:6)
  A wyvern (D:8)
  A basilisk (D:8)
  2 steam dragons
  An acid dragon (D:8)
  6 water moccasins
  An orc warrior (D:7)
  An ice beast (D:8)
  2 black bears
  2 ogres
  2 wolves (D:8)
  2 phantoms
  2 kobold brigands
  5 bullfrogs
  A gnoll sergeant (D:3)
  3 scorpions
  3 wights (D:7)
  5 killer bees (D:8)
  A howler monkey (D:4)
  2 human zombies (Ossuary)
  An orc priest (D:7)
  7 hounds
  2 jellies
  An iguana (D:7)
  A sleepcap (D:5)
  Natasha (twice) (D:2)
  4 orc wizards
  3 mummies (Ossuary)
  Robin (D:2)
  5 adders
  3 gnolls
  A white imp (D:7)
  An ufetubus (D:5)
  2 dart slugs
  A worm (D:2)
  12 orcs
  6 bats
  8 endoplasms
  3 giant cockroaches
  16 goblins
  11 hobgoblins
  4 jackals (D:4)
  23 kobolds
  3 quokkas
  4 ball pythons
  5 frilled lizards
  A gnoll zombie (Ossuary)
  3 goblin zombies (Ossuary)
  A hobgoblin zombie (Ossuary)
  An orc zombie (Ossuary)
  11 rats
193 creatures vanquished.

Notes
Turn   | Place    | Note
-------+----------+-------------------------------------------
     0 | D:1      | McKennaii the Demonspawn Fighter began the quest for the
                  | Orb.
     0 | D:1      | Reached XP level 1. HP: 18/18 MP: 1/1
   170 | D:1      | Gained mutation: You have a pair of small horns on your
                  | head. [demonic ancestry]
   170 | D:1      | Reached XP level 2. HP: 24/24 MP: 2/2
   280 | D:1      | Found a faded altar of an unknown god.
   564 | D:1      | Gained mutation: You are partially covered in icy blue
                  | scales. (AC +2) [demonic ancestry]
   564 | D:1      | Reached XP level 3. HP: 29/29 MP: 3/3
   920 | D:2      | Noticed Natasha
   930 | D:2      | Killed Natasha
   931 | D:2      | Gained mutation: You are mostly covered in icy blue scales.
                  | (AC +3) [demonic ancestry]
   931 | D:2      | Reached XP level 4. HP: 18/36 MP: 4/4
   931 | D:2      | Noticed Robin
  1092 | D:2      | Identified the +3 dagger "Wuczaox" {flame, rPois rCorr
                  | Str+4 Int+4}
  1345 | D:2      | Noticed Natasha
  1351 | D:2      | Killed Natasha
  1380 | D:2      | Killed Robin
  1381 | D:2      | Gained mutation: You regenerate magic rapidly. [demonic
                  | ancestry]
  1381 | D:2      | Reached XP level 5. HP: 37/42 MP: 5/5
  1449 | D:2      | Found a stormy altar of Qazlal.
  1463 | D:2      | Became a worshipper of Qazlal Stormbringer
  2130 | D:3      | Found an opulent altar of Gozag.
  2132 | D:3      | Found a shimmering altar of Xom.
  2134 | D:3      | Found a burning altar of Makhleb.
  2134 | D:3      | Found a sacrificial altar of Ru.
  2134 | D:3      | Found a hazy altar of Hepliaklqana.
  2284 | D:4      | Reached skill level 4 in Fighting
  2696 | D:4      | Reached XP level 6. HP: 18/49 MP: 6/6
  2983 | D:3      | Reached * piety under Qazlal
  3179 | D:4      | Gained mutation: You have a pair of horns on your head.
                  | [demonic ancestry]
  3179 | D:4      | Reached XP level 7. HP: 37/55 MP: 7/7
  3700 | D:5      | Entered Level 5 of the Dungeon
  3759 | D:5      | Reached skill level 5 in Fighting
  4202 | D:5      | Reached skill level 5 in Shields
  4202 | D:5      | Gained mutation: You are completely covered in icy blue
                  | scales. (AC +4, rC+) [demonic ancestry]
  4202 | D:5      | Reached XP level 8. HP: 63/63 MP: 8/8
  4252 | D:5      | Reached skill level 5 in Armour
  4948 | D:6      | HP: 1/64 [steam dragon/ball of steam (12)]
  4951 | D:6      | Reached skill level 6 in Fighting
  4951 | D:6      | Reached skill level 5 in Polearms
  5679 | D:6      | Reached XP level 9. HP: 47/71 MP: 9/9
  5988 | D:7      | Reached ** piety under Qazlal
  6047 | D:7      | Found a staircase to the Ecumenical Temple.
  6056 | D:7      | Got Acwego's Papyrus of Rocky Firn
  6172 | D:7      | Found a sand-covered staircase.
  6181 | Ossuary  | Entered an ossuary
  6353 | Ossuary  | Reached skill level 7 in Fighting
  7476 | D:8      | HP: 3/73 [poisoned by a water moccasin]
  7931 | D:8      | Reached *** piety under Qazlal
  7932 | D:8      | Reached XP level 10. HP: 71/80 MP: 10/10
  7959 | D:8      | Reached skill level 8 in Fighting
  8024 | D:8      | HP: 4/80 [acid dragon (3)]
  8029 | D:8      | Killed from afar by an acid dragon

Illustrated notes

Levels and vault maps discovered:
D:1:      denvon_arrival_planthouse, layout_loops_corners,
          shapermc_ecumenical_altar_notcrosses
D:2:      layout_loops_ring, basic_altar, uniq_robin, uniq_natasha
D:3:      layout_rooms, doesnt_xom_only_xom
D:4:      layout_basic, lexackson_kobold_supper
D:5:      layout_layer_cave
D:6:      layout_loops_cross
D:7:      layout_basic, minmay_temple_entry_offerings, serial_co_window_serial,
          co_window_cross_1, co_window_paths_b, co_window_paths_a,
          co_window_corner_a, co_window_corner_a, co_window_corner_b,
          co_window_broadway_a, co_window_2corner, co_window_2corner,
          co_window_4corner_b, glass_columns_c, glass_columns_a,
          glass_columns_c, glass_columns_a, glass_columns_b,
          nicolae_ossuary_entry_ruins
D:8:      cheibrodos_elevator_heist, layout_loops_corners,
          minmay_lair_entry_grove, nicolae_shop_i_like_small_books_too,
          lemuel_flame_loot_1

Skill      XL: |  1  2  3  4  5  6  7  8  9 10 |
---------------+-------------------------------+-----
Polearms       | 2 3 4 5 6 7 |  7.1
Shields        | 3 4 5 6 7 |  7.3
Armour         | 3 4 6 7 |  7.3
Fighting       | 4 5 6 7 8 |  8.1

Action                     |  1- 3 |  4- 6 |  7- 9 | 10-12 || total
---------------------------+-------+-------+-------+-------++-------
  Melee: Trident           |   104 |   290 |   400 |    52 ||   846
         Headbutt          |    13 |    37 |   100 |    11 ||   161
    Use: Potion            |       |       |     2 |     1 ||     3
         Scroll            |       |       |     7 |       ||     7
 Armour: Scale mail        |    35 |   170 |   158 |    28 ||   391
  Dodge: Dodged            |    34 |   154 |    90 |    21 ||   299
  Block: Buckler           |    20 |    92 |   104 |    28 ||   244
